 Dungeon Crawl Stone Soup version 0.31.0-11-ge490571c62 (webtiles) character file.

Game seed: 1133602809430719349

2746 Arcadio the Frost Mage (level 9, -16/57 HPs)
             Began as a Barachi Ice Elementalist on Jan 31, 2024.
             Was an Initiate of Sif Muna.
             Killed from afar by an acid dragon (32 damage)
             ... with a splash of acid
             ... on level 7 of the Dungeon.
             The game lasted 00:24:30 (8835 turns).

Arcadio the Frost Mage (Barachi Ice Elementalist)   Turns: 8835, Time: 00:24:32

Health: -16/57     AC:  1    Str:  9    XL:     9   Next: 68%
Magic:  17/20      EV: 15    Int: 20    God:    Sif Muna [......]
Gold:   315        SH:  0    Dex: 13    Spells: 8/23 levels left

rFire   . . .        c - +3 short sword
rCold   . . .        (no shield)
rNeg    . . .        l - +2 leather armour {rPois}
rPois   +            (no helmet)
rElec   .            (no cloak)
rCorr   .            (no gloves)
SInv    .            (no boots)
Will    .....        (no amulet)
Stlth   ++           H - ring of wizardry
HPRegen 0.29/turn    G - ring of wizardry
MPRegen 0.17/turn

%: wizardry (x2)
@: corroded, freezing walls, slow
A: amphibious, slowness 1, strong legs 1, +LOS
a: Hop, Renounce Religion


You were on level 7 of the Dungeon.
You worshipped Sif Muna.
Sif Muna was noncommittal.
You visited 2 branches of the dungeon, and saw 9 of its levels.
You also visited: Sewer.

You collected 315 gold pieces.

Inventory:

Hand Weapons
 c - a +3 short sword (weapon)
 j - a +1 dagger of holy wrath
 C - a +0 whip of distortion
 K - a +4 heavy dire flail
Armour
 a - a +0 robe
 l - a +2 leather armour of poison resistance (worn)
Jewellery
 q - a ring of resist corrosion
 x - a +5 ring of evasion
 z - a ring of poison resistance
 A - a +6 ring of strength
 F - a ring of fire
 G - a ring of wizardry (right hand)
 H - a ring of wizardry (left hand)
Wands
 k - a wand of roots (14)
Scrolls
 d - 2 scrolls of fog
 e - 2 scrolls of noise {unknown}
 h - 2 scrolls of blinking {unknown}
 i - a scroll of teleportation {unknown}
 o - 2 scrolls of revelation {unknown}
 s - 4 scrolls of enchant armour
 u - a scroll of amnesia {unknown}
 v - 3 scrolls of poison
 w - 3 scrolls of fear {unknown}
 y - 2 scrolls of enchant weapon {unknown}
 D - a scroll of immolation {unknown}
 E - a scroll of vulnerability {unknown}
Potions
 b - 2 potions of magic
 f - 3 potions of mutation {unknown}
 m - 3 potions of heal wounds
 n - 6 potions of curing
 p - 3 potions of berserk rage
 t - a potion of invisibility {unknown}
 B - a potion of ambrosia {unknown}
 I - a potion of might {unknown}
 J - a potion of attraction {unknown}


   Skills:
 + Level 0.0 Armour
 + Level 8.6 Dodging
 - Level 1.7 Stealth
 + Level 7.7 Spellcasting
 + Level 10.2 Ice Magic


You had 8 spell levels left.
You knew the following spells:

 Your Spells              Type           Power      Damage    Failure   Level
a - Freeze                Ice            100%       1d10      1%          1
b - Frozen Ramparts       Ice            96%        1d15      1%          3
c - Ozocubu's Armour      Ice            48%        N/A       1%          3
d - Summon Ice Beast      Ice/Summ       28%        N/A       1%          3
e - Metabolic Englaciati  Hex/Ice        14%        N/A       11%         5

Your spell library contained the following spells:

 Spells                   Type           Power      Damage    Failure   Level
 Lesser Beckoning         Tloc           14%        N/A       5%          2
 Gell's Gravitas          Tloc           7%         N/A       11%         3
 Teleport Other           Tloc           7%         N/A       11%         3
 Leda's Liquefaction      Alch/Erth      3%         N/A       30%         4
 Petrify                  Alch/Erth      7%         N/A       30%         4


Dungeon Overview and Level Annotations

Branches:
Dungeon (8/15)             Temple (1/1) D:5           Sewer (visited)
   Lair: D:8-11

Altars:
Ashenzari
Cheibriados
Dithmenos
Elyvilon
Fedhas
Gozag
Hepliaklqana
Makhleb
Nemelex Xobeh
Okawaru
Qazlal
Ru
Sif Muna
Trog
Uskayaw
Vehumet
Wu Jian
Xom
Yredelemnul
Zin

Shops:
D:6 !


Innate Abilities, Weirdness & Mutations

You are amphibious.
You cover ground slowly.
You can hop short distances.
You have an extended range of vision and can be seen from far away.


Message History

There is a stone staircase leading down here.
Okay, then.
Okay, then.
As you read the scroll of identify, it crumbles to dust.
v - 3 scrolls of poison Done exploring.
There is a stone staircase leading down here.
You climb downwards.
There is a stone staircase leading up here.
The acid dragon spits acid at you. The splash of acid hits you!
A bullfrog comes into view.
The acid dragon spits acid at you. The splash of acid hits you!
The acid corrodes you!
The bullfrog gives a loud, deep croak!
You hear a shout!
Casting: Frozen Ramparts (safe; 1% risk of failure)
Confirm with . or Enter, or press ? or * to list all spells.
Aiming: Freeze (safe; 1% risk of failure)
Press: ? - help, Shift-Dir - straight line, f - acid dragon
Aim: an acid dragon (catching its breath)
Okay, then.
The acid dragon attacks as it pursues you!
The acid dragon completely misses you. The acid dragon barely misses you.
The acid dragon bites you! The acid dragon claws you.
There is a stone staircase leading up, spattered with blood here.
The acid dragon barely misses you. The acid dragon claws you.
You climb upwards.
There is a stone staircase leading down here.
Casting: Freeze (safe; 1% risk of failure)
Confirm with . or Enter, or press ? or * to list all spells.
Casting: Frozen Ramparts (safe; 1% risk of failure)
Press: ? - help, Dir - look around, f - activate A stone staircase leading down.
The walls around you are covered in ice.
The wall freezes the acid dragon.
The acid dragon spits acid at you. The splash of acid hits you!!
Ouch! That really hurt!
You die...

.....####..###..#..##
#..
......####.....####.##
#.. .####..####...##
##.## #.. ..#
##..###...## ##.## #..
..## ##..##....# ##.##
#.. #..## #...)....##
#..## #..
##..####........## ##.<#
#.. ###..###....###..##
##.## #.. ..##........#
##@.# #..## #..
#...........# #D.#
##...# ### ..#.........#
##).# #....# #
#....##....## #..##
##...## ..#.####....#
#..## ##..#########
#...#
##....###...###..##
#.....
..#.###......##.......##
##.....
#....#..##...........##
##..####
..#....#####.........##
##..##


You could see an acid dragon (catching breath).

Vanquished Creatures
  4 yaks
  Edmund (D:6)
  An orc warrior (D:7)
  2 black bears
  3 ogres
  A crocodile (Sewer)
  A centaur (D:7)
  A kobold brigand (Sewer)
  A gnoll sergeant (D:6)
  A scorpion (D:3)
  A howler monkey (D:7)
  3 bombardier beetles
  2 hounds (D:5)
  2 jellies
  3 orc priests
  3 sleepcaps
  A gnoll bouda (D:4)
  2 iguanas (D:5)
  7 orc wizards
  Robin (D:3)
  15 adders
  19 gnolls
  A river rat (Sewer)
  2 white imps
  2 ufetubi (D:5)
  4 dart slugs
  3 ribbon worms
  17 orcs
  11 endoplasms
  5 giant cockroaches
  17 goblins
  5 hobgoblins
  4 jackals (D:1)
  9 kobolds
  7 quokkas
  9 ball pythons
  3 bats
  A frilled lizard (D:2)
  10 rats
185 creatures vanquished.

Vanquished Creatures (collateral kills)
  An adder (D:6)
1 creature vanquished.

Grand Total: 186 creatures vanquished

Notes
Turn   | Place    | Note
-------+----------+-------------------------------------------
     0 | D:1      | Arcadio the Barachi Ice Elementalist began the quest for
                  | the Orb.
     0 | D:1      | Reached XP level 1. HP: 13/13 MP: 3/3
   130 | D:1      | Reached skill level 5 in Ice Magic
   134 | D:1      | Reached XP level 2. HP: 19/19 MP: 5/5
   774 | D:1      | Reached XP level 3. HP: 21/24 MP: 2/7
  1513 | D:2      | Learned a level 3 spell: Frozen Ramparts
  1517 | D:2      | Learned a level 3 spell: Ozocubu's Armour
  1593 | D:2      | Found a faded altar of an unknown god.
  1642 | D:2      | Reached XP level 4. HP: 30/30 MP: 8/8
  2187 | D:3      | Noticed Robin
  2217 | D:3      | Reached XP level 5. HP: 26/35 MP: 5/10
  2225 | D:3      | Found a glowing drain.
  2232 | Sewer    | Entered a sewer
  2573 | Sewer    | Noticed a kobold brigand
  2574 | Sewer    | Noticed a crocodile
  2580 | Sewer    | Killed a kobold brigand
  2581 | Sewer    | Reached skill level 6 in Ice Magic
  2581 | Sewer    | Reached XP level 6. HP: 41/41 MP: 6/11
  2586 | Sewer    | Learned a level 3 spell: Summon Ice Beast
  3040 | D:3      | Found a white marble altar of Elyvilon.
  3050 | D:3      | Killed Robin
  3060 | D:3      | Reached skill level 5 in Dodging
  3060 | D:3      | Reached XP level 7. HP: 43/46 MP: 8/13
  3233 | D:3      | Reached skill level 7 in Ice Magic
  3347 | D:4      | Noticed a yak
  3348 | D:4      | Noticed a yak
  3348 | D:4      | Noticed a yak
  3364 | D:5      | Entered Level 5 of the Dungeon
  3371 | D:5      | Killed a yak
  3372 | D:5      | Reached skill level 5 in Spellcasting
  3430 | D:5      | Killed a yak
  3431 | D:5      | Reached XP level 8. HP: 34/52 MP: 4/16
  3681 | D:4      | Learned a level 5 spell: Metabolic Englaciation
  3694 | D:4      | Reached skill level 8 in Ice Magic
  3981 | D:4      | Noticed a yak
  3997 | D:4      | Killed a yak
  4255 | D:4      | Killed a yak
  5355 | D:5      | Reached skill level 9 in Ice Magic
  5390 | D:5      | Reached XP level 9. HP: 57/57 MP: 13/19
  5526 | D:5      | Found a staircase to the Ecumenical Temple.
  5572 | Temple   | Entered the Ecumenical Temple
  5587 | Temple   | Became a worshipper of Sif Muna the Loreminder
  5618 | D:5      | Found a stormy altar of Qazlal.
  5704 | D:5      | Found an iron altar of Okawaru.
  5704 | D:5      | Found a sacrificial altar of Ru.
  5707 | D:5      | Found a snail-covered altar of Cheibriados.
  5954 | D:6      | Found a broken altar of Ashenzari.
  6016 | D:6      | Found Fyerph's Distillery.
  6039 | D:6      | Noticed Edmund
  6056 | D:6      | Killed Edmund
  7580 | D:7      | Reached skill level 10 in Ice Magic
  8782 | D:8      | Noticed a polar bear
  8782 | D:8      | Noticed a polar bear
  8782 | D:8      | Noticed a polar bear
  8835 | D:7      | Killed from afar by an acid dragon

Illustrated notes

Levels and vault maps discovered:
D:1:      amcnicky_arrival_blooded_trapdoor, layout_basic,
          amcnicky_mini_corridor_feature
D:2:      minmay_razor_zed, layout_rooms, ebering_ecumenical_altar_sacrificial
D:3:      layout_rooms, lemuel_tele_altar, gup_sewer_entry_bubbles,
          guppyfry_early_orc_mine, uniq_robin
D:4:      layout_rooms, hangedman_feature_mirror
D:5:      layout_basic, lemuel_doored_altar, gammafunk_temple_overflow_claw,
          minmay_temple_entry_water_ring
D:6:      layout_layer_cave, nicolae_ashenzari_panopticon, serial_shops,
          nicolae_shop_hallway_plus, uniq_edmund
D:7:      layout_layer_cave, minmay_misc_feat_pillars
D:8:      layout_basic, gammafunk_ghost_icy, serial_ice, serial_ice_c,
          serial_ice_d, serial_ice_b, serial_ice_i
Temple:   eino_narrow_crystal_temple

Skill      XL: |  1  2  3  4  5  6  7  8  9 |
---------------+----------------------------+-----
Ice Magic      | 5 6 7 9 10 | 10.2
Dodging        | 3 4 5 6 7 8 |  8.6
Spellcasting   | 3 4 5 6 7 |  7.7
Stealth        | |  1.7

Action                     |  1- 3 |  4- 6 |  7- 9 || total
---------------------------+-------+-------+-------++-------
  Melee: Unarmed           |     6 |       |       ||     6
         Short sword       |    34 |   140 |   168 ||   342
         Punch             |     1 |       |     3 ||     4
   Cast: Freeze            |    28 |    13 |    78 ||   119
         Frozen Ramparts   |       |     7 |    36 ||    43
         Ozocubu's Armour  |       |     2 |    14 ||    16
         Summon Ice Beast  |       |       |     2 ||     2
Ability: Hop               |       |     1 |     2 ||     3
  Evoke: Wand              |       |     2 |     1 ||     3
    Use: Scroll            |       |       |     7 ||     7
         Potion            |       |       |     2 ||     2
   Stab: Sleeping          |     3 |     3 |     1 ||     7
 Armour: Robe              |    29 |       |       ||    29
         Leather armour    |     1 |    74 |   120 ||   195
  Dodge: Dodged            |    34 |   107 |   207 ||   348
